 Dungeon Crawl Stone Soup version 0.22-a0-354-g30dfbe6 (webtiles) character file.

139 Amnesiac the Cutter (level 5, -3/41 HPs)
             Began as a Mummy Chaos Knight on Apr 16, 2018.
             Killed by divine providence
             ... invoked by an orc priest
              (9 damage)
             ... on level 3 of the Dungeon.
             The game lasted 00:02:48 (2253 turns).

Amnesiac the Cutter (Mummy Chaos Knight)            Turns: 2253, Time: 00:02:49

Health: -3/41      AC:  7    Str: 17    XL:     5   Next: 1%
Magic:  0/5        EV: 11    Int: 11    God:    Xom [......]
Gold:   99         SH:  0    Dex: 11    Spells: 4/4 levels left

rFire    x . .     SeeInvis .   a - +0 short sword (chaos)
rCold    + . .     Gourm    .   (no shield)
rNeg     + + +     Faith    .   b - +2 leather armour
rPois    ∞         Spirit   +   (no helmet)
rElec    .         Reflect  .   (no cloak)
rCorr    .         Harm     .   e - +1 pair of gloves
MR       .....                  (no boots)
Stlth    +.........             h - amulet of guardian spirit
HPRegen  0.13/turn              (no ring)
MPRegen  0.09/turn              (no ring)

@: no status effects
A: no food or potions, fire vulnerability, cold resistance 1, negative energy
resistance 3, torment resistance, unbreathing
a: Renounce Religion


You were on level 3 of the Dungeon.
You worshipped Xom.
You were a very special plaything of Xom.
You were not hungry.

You visited 1 branch of the dungeon, and saw 3 of its levels.

You collected 99 gold pieces.

Inventory:

Hand Weapons
 a - a +0 short sword of chaos (weapon)
Armour
 b - a +2 leather armour (worn)
 e - a +1 pair of gloves (worn)
 f - a +2 robe of magic resistance
Jewellery
 h - an amulet of guardian spirit (around neck)
Wands
 i - a wand of paralysis (9)
Scrolls
 c - 2 scrolls of remove curse {!r}
 d - a scroll of identify {!r}
 g - 2 scrolls of amnesia {!r}


   Skills:
 - Level 3.0 Fighting
 + Level 4.5 Short Blades
 - Level 1.5 Armour
 - Level 1.5 Dodging


You had 4 spell levels left.
You didn't know any spells.

Dungeon Overview and Level Annotations

Branches:
Dungeon (3/15)

Altars:


Innate Abilities, Weirdness & Mutations

You do not eat or drink.
Your flesh is vulnerable to fire.
You are immune to poison.
Your flesh is cold resistant. (rC+)
You are immune to negative energy. (rN+++)
You are immune to unholy pain and torment.
You can survive without breathing.


Message History

The jackal bites you. The jackal closely misses you.
The jackal barely misses you.
The jackal bites you but does no damage.
The orc barely misses you.
The jackal bites you but does no damage.
You closely miss the jackal. The jackal misses you.
The jackal bites you but does no damage.
You closely miss the jackal. The jackal barely misses you.
You barely miss the jackal.
The jackal bites you but does no damage.
The jackal barely misses you.
You barely miss the jackal. The jackal bites you.
The orc wizard begins to cast a cantrip, but forgets the words!
The jackal misses you.
You see here a fizzy green potion {!q}.
You barely miss the jackal.
The jackal bites you but does no damage.
The orc wizard mumbles some strange words.
The orc wizard seems to speed up.
You hit the jackal. You burn the jackal.
You kill the jackal!
You have reached level 5!
You feel stronger.
The orc wizard begins to cast a cantrip, but forgets the words!
You barely miss the jackal.
The jackal bites you but does no damage. x2
You closely miss the jackal. The jackal bites you.
You hit the jackal.
The jackal is heavily wounded.
The jackal blinks!
The orc misses you.
The orc priest mumbles some strange prayers to Beogh against you.
Beogh smites you!
* * * LOW HITPOINT WARNING * * *
You emit a cloud of colourful smoke!
The jackal bites you.
* * * LOW HITPOINT WARNING * * *
You hit the jackal.
You kill the jackal!
The orc hits you from afar with a trident!
* * * LOW HITPOINT WARNING * * *
You hear Xom's avuncular chuckle.
The orc seems to grow stronger.
The orc throws a tomahawk.
The tomahawk closely misses you.
You see here a tomahawk.
Really read
d - 2 scrolls labeled HUSALU MOLY {!r}?
As you read the scroll labeled HUSALU MOLY {!r}, it crumbles to dust.
It is a scroll of identify.
g - 2 scrolls of amnesia {!r} The orc throws a tomahawk.
The tomahawk closely misses you.
Really read
j - a scroll labeled DUJEABBUECO {!r}?
As you read the scroll labeled DUJEABBUECO {!r}, it crumbles to dust.
It is a scroll of enchant armour.
Your +0 pair of gloves glows green for a moment.
Really read
k - a scroll labeled FAINGI RITOWEA {!r}?
As you read the scroll labeled FAINGI RITOWEA {!r}, it crumbles to dust.
You hear a loud clanging noise!
It was a scroll of noise {!r}.
The orc barely misses you.
The orc wizard gestures wildly while chanting.
The orc wizard flickers and vanishes!
Deactivating autopickup; reactivate with Ctrl-A.
The orc priest mumbles some strange prayers to Beogh against you.
Beogh smites you!
You die...
Xom roars with laughter! #. .. ... . oo#

. ### ##. oo # # ..# #.. .o.# #.#
#.### .#.# #.# #... ... ##+## #@#
#..###.# ##...## #(# #..#o..#.#
##.....## ###§# #o..o....#
#.......## ##.#o## #.##o.##.#
.........####..§o{######o##...#.#
.........'........!o.o.oo.......
.....!...####.....#########...###
#.......## ##.#..# #..##
##.....## ####.# #.##


You could see an orc priest and an orc.

Vanquished Creatures
  A hound (D:3)
  Jessica (D:2)
  2 oozes (D:1)
  A worm (D:3)
  A dart slug (D:3)
  3 leopard geckos
  7 orcs (D:3)
  2 ball pythons (D:1)
  A giant cockroach (D:1)
  7 goblins
  4 hobgoblins
  6 jackals
  7 bats
  3 frilled lizards
  6 kobolds
  5 rats
57 creatures vanquished.

Vanquished Creatures (collateral kills)
  A kobold (D:1)
1 creature vanquished.

Grand Total: 58 creatures vanquished

Notes
Turn   | Place    | Note
-------+----------+-------------------------------------------
     0 | D:1      | Amnesiac the Mummy Chaos Knight began the quest for the Orb.
     0 | D:1      | Reached XP level 1. HP: 18/18 MP: 1/1
    35 | D:1      | Reached skill level 1 in Dodging
    77 | D:1      | Reached XP level 2. HP: 24/24 MP: 2/2
   192 | D:1      | XOM: harmless Chrm miscast
   228 | D:1      | Reached skill level 3 in Short Blades
   308 | D:1      | XOM: silly message
   439 | D:1      | Reached XP level 3. HP: 24/29 MP: 3/3
  1039 | D:2      | XOM: severe Conj miscast
  1053 | D:2      | XOM: medium Tmut miscast
  1203 | D:2      | XOM: mild Tloc miscast
  1204 | D:2      | Noticed a spatial vortex
  1319 | D:2      | Noticed Jessica
  1322 | D:2      | XOM: blink monster(s)
  1325 | D:2      | Killed Jessica
  1325 | D:2      | Reached XP level 4. HP: 35/35 MP: 4/4
  1693 | D:3      | XOM: stat loss: -1 Dex (10/11)
  1724 | D:3      | XOM: polymorph bat -> kobold
  1737 | D:3      | Reached skill level 4 in Short Blades
  1785 | D:3      | XOM: 1-stop teleportation journey
  1791 | D:3      | XOM: summons 2 hostile demons
  2242 | D:3      | Reached XP level 5. HP: 25/41 MP: 2/5
  2246 | D:3      | XOM: smoke on damage
  2248 | D:3      | XOM: enchant monster (bad)
  2253 | D:3      | Killed from afar by an orc priest

Vault maps used:
D:1:      dpeg_arrival_another_circle
D:2:      uniq_jessica

Skill      XL: |  1  2  3  4 |
---------------+-------------+-----
Dodging        | 1 |  1.5
Short Blades   | 3 4 |  4.5
Fighting       | |  3.0
Armour         | |  1.5

Action                   |  1- 3 |  4- 6 || total
-------------------------+-------+-------++-------
Melee: Short sword       |   117 |    95 ||   212
  Use: Scroll            |     1 |     3 ||     4
 Stab: Confused          |       |     1 ||     1
Armor: Leather armour    |    52 |    38 ||    90
Dodge: Dodged            |    81 |    55 ||   136

Table legend:
 A = Spawn XP
 B = Non-spawn XP
 C = Spawn XP percentage of total XP
 D = Spawn monster count
 E = Non-spawn monster count
 F = Spawn count percentage of total count
 G = Total turns spent on level
                    A         B        C        D         E        F      G
               +---------+---------+-------+---------+---------+-------+---------
         Total |       0 |     199 |   0.0 |       0 |      58 |   0.0 |  2253
               +---------+---------+-------+---------+---------+-------+---------
           D:1 |       0 |      60 |   0.0 |       0 |      30 |   0.0 |   890
           D:2 |       0 |      47 |   0.0 |       0 |       7 |   0.0 |   789
           D:3 |       0 |      92 |   0.0 |       0 |      21 |   0.0 |   574
               +---------+---------+-------+---------+---------+-------+---------
